 Dungeon Crawl Stone Soup version 0.28.0 (webtiles) character file.

Game seed: 7791813700054460274

5479 Strat the Cleaver (level 10, -1/82 HPs)
             Began as a Palentonga Hedge Wizard on Feb 9, 2022.
             Was a Priest of Trog.
             Slain by an orc warrior (8 damage)
             ... in a bailey.
             The game lasted 00:22:05 (10988 turns).

Strat the Cleaver (Palentonga Hedge Wizard)        Turns: 10988, Time: 00:22:05

Health: -1/82      AC: 30    Str: 24    XL:     10   Next: 42%
Magic:  14/14      EV:  8    Int: 17    God:    Trog [***...]
Gold:   465        SH:  0    Dex:  9    Spells: 15/15 levels left

rFire   . . .      SeeInvis +   a - +1 war axe (protect)
rCold   . . .      Faith    .   (no shield)
rNeg    . . .      Spirit   .   L - +0 chain mail
rPois   .          Reflect  .   c - +0 hat
rElec   .          Harm     .   m - +2 cloak
rCorr   .          Rampage  .   D - +2 pair of gloves
Will    ++...                   d - +2 barding of the Final Beasts {Int+2}
Stlth   ..........              (no amulet)
HPRegen 1.23/turn               r - +4 ring of evasion
MPRegen 0.14/turn               q - +6 ring of strength

@: mighty, strong-willed, on berserk cooldown, regenerating, slowed, curled up,
very slow
A: large, rugged brown scales 3, see invisible, deformed body, roll 1, armoured
tail, reflexive curl
a: Rolling Charge, Renounce Religion, Berserk, Trog's Hand


You were in a bailey.
You worshipped Trog.
Trog was most pleased with you.
You visited 1 branch of the dungeon, and saw 9 of its levels.
You also visited: Sewer and Bailey.

You collected 465 gold pieces.

Inventory:

Hand Weapons
 a - a +1 war axe of protection (weapon)
 v - a +2 mace of protection
Missiles
 g - 3 boomerangs
 h - 198 stones (quivered)
 o - a throwing net
 y - 23 poisoned darts
Armour
 c - a +0 hat (worn)
 d - the +2 barding of the Final Beasts (worn) {Int+2}
   (You acquired it on level 4 of the Dungeon)

   Int:       It affects your intelligence (+2).
 m - a +2 cloak (worn)
 D - a +2 pair of gloves (worn)
 L - a +0 chain mail (worn)
Jewellery
 k - an amulet of faith
 l - a ring of positive energy
 p - a ring of protection from cold
 q - a +6 ring of strength (right hand)
 r - a +4 ring of evasion (left hand)
 t - a ring of flight
 C - a ring of magical power
 E - a ring of fire
 G - a +6 ring of strength
 I - a +4 ring of protection
Wands
 j - a wand of iceblast (4)
 B - a wand of polymorph (4)
 F - a wand of flame (10)
 J - a wand of digging (2)
Scrolls
 e - 7 scrolls of teleportation
 f - 2 scrolls of fog
 i - a scroll of brand weapon
 M - 2 scrolls of noise {unknown}
 N - a scroll of torment {unknown}
 O - a scroll of fear
 Q - a scroll of magic mapping
Potions
 b - 4 potions of heal wounds
 n - 2 potions of resistance
 s - a potion of ambrosia
 u - 2 potions of flight
 w - a potion of lignification
 x - a potion of cancellation {unknown}
 z - 8 potions of might
 A - a potion of curing {unknown}
 H - 3 potions of mutation {unknown}
 P - a potion of haste {unknown}
 R - 2 potions of magic {unknown}
 S - a potion of experience {unknown}
 T - 3 potions of invisibility {unknown}


   Skills:
 + Level 6.3 Fighting
 + Level 11.4 Axes
 + Level 6.9 Armour
 - Level 1.5 Dodging
 - Level 1.2 Stealth
 - Level 3.0 Spellcasting
 - Level 0.8 Conjurations
 - Level 0.7 Summonings
 - Level 1.0 Translocations


You had 15 spell levels left.
You didn't know any spells.
Your spell library contained the following spells:

 Spells                   Type           Power      Damage    Failure   Level
 Magic Dart               Conj           20%        1d4       58%         1
 Animate Skeleton         Necr           4%         N/A       71%         1
 Pain                     Necr           8%         1d4       71%         1
 Slow                     Hex            8%         N/A       71%         1
 Blink                    Tloc           10%        N/A       71%         2
 Call Imp                 Summ           5%         N/A       77%         2
 Sublimation of Blood     Necr           2%         N/A       85%         2
 Conjure Flame            Conj/Fire      4%         6-21      95%         3
 Mephitic Cloud           Conj/Pois/Air  3%         N/A       96%         3
 Vampiric Draining        Necr           2%         2d6       97%         3
 Petrify                  Tmut/Erth      2%         N/A       100%        4
 Irradiate                Conj/Tmut      2%         3d14      100%        5


Dungeon Overview and Level Annotations

Branches:
Dungeon (9/15)             Temple (0/1) D:5            Lair (0/6) D:8
  Sewer (visited)          Bailey (1/1)
    Orc: D:9-12

Altars:
Dithmenos
Nemelex Xobeh
Trog
Yredelemnul
Zin

Shops:
D:2 [   D:7 (

Annotations:
D:2 Natasha, Sigmund


Innate Abilities, Weirdness & Mutations

You are completely covered in rugged brown scales. (AC +3, +7% HP)
You have supernaturally acute eyesight. (SInv)
Armour fits poorly on your strangely shaped body.
You can roll at nearby foes to attack.
You have a long armoured tail.
You curl defensively after being hit. (AC +7*)


Message History

The orc warrior hits you but does no damage.
The orc knight roars a battlecry!
The orc warrior goes into a battle-frenzy!
The orc warrior hits you but does no damage.
You closely miss the orc knight.
The orc knight is heavily wounded.
The orc warrior no longer looks unusually strong.
The orc knight completely misses you.
The orc warrior hits you from afar with a +0 trident.
Unknown command.
You slice the orc knight!!
The orc knight is almost dead.
The orc knight hits you but does no damage.
The orc warrior hits you but does no damage. x2
The orc knight hits you with a +0 halberd!
* * * LOW HITPOINT WARNING * * *
The orc warrior closely misses you.
You slash the orc knight!
You kill the orc knight!
Trog accepts your kill. The orc warrior closely misses you.
The orc warrior hits you from afar with a +0 trident.
* * * LOW HITPOINT WARNING * * *
Unknown command.
The orc warrior hits you from afar with a +0 halberd!!
* * * LOW HITPOINT WARNING * * *
The orc warrior barely misses you.
The orc warrior hits you but does no damage.
You feel much better.
The orc warrior hits you but does no damage.
The orc warrior hits you from afar with a +0 halberd!!
* * * LOW HITPOINT WARNING * * *
The orc warrior hits you from afar with a +0 trident.
* * * LOW HITPOINT WARNING * * *
Your skin crawls.
You feel strong-willed.
The orc warrior hits you from afar with a +0 halberd!
* * * LOW HITPOINT WARNING * * *
The orc warrior hits you from afar with a +0 trident!
You die...

##...).##
#.......#
#..#8#..#
#..#.#..#
#.......#
#.....).#
##.....##
##'''##
#..@..#
#.....#
#.oo..#
#.....#
#.....#
##'''##
##.....##
#.......#
#..#.#..#


You could see 2 orc warriors.

Vanquished Creatures
  A two-headed ogre (D:8)
  An orc knight (Bailey)
  3 komodo dragons
  Psyche (D:8)
  A vampire (D:9)
  2 wyverns (D:8)
  A basilisk (D:8)
  2 acid dragons (D:8)
  Duvessa (D:7)
  2 water moccasins
  A hornet zombie (D:8)
  A sky beast (D:6)
  A swamp drake (D:8)
  3 orc warriors
  An ice beast (D:5)
  A necrophage (D:7)
  2 centaurs
  A kobold brigand (D:8)
  A bullfrog (D:7)
  A wyvern zombie (D:5)
  A scorpion (D:5)
  A water moccasin zombie (D:5)
  Dowan (D:7)
  A water moccasin skeleton (D:7)
  4 killer bees (D:7)
  2 wights (D:7)
  A bullfrog zombie (D:5)
  4 hounds
  A bullfrog skeleton (D:6)
  A gnoll shaman (D:8)
  2 orc priests
  2 centaur skeletons
  3 orc wizards
  Natasha (D:2)
  An iguana (D:6)
  A howler monkey zombie (D:7)
  3 gnolls (D:8)
  8 adders
  7 river rats (Sewer)
  2 shadow imps
  A white imp (D:6)
  An adder skeleton (D:4)
  2 dart slugs
  38 orcs
  17 ball pythons
  6 bats
  5 endoplasms
  3 giant cockroaches
  10 goblins
  6 hobgoblins
  11 jackals
  4 quokkas
  A frilled lizard (D:2)
  28 kobolds
  22 rats
230 creatures vanquished.

Vanquished Creatures (others)
  11 fungi (D:5)
  4 plants (D:2)
15 creatures vanquished.

Grand Total: 245 creatures vanquished

Notes
Turn   | Place    | Note
-------+----------+-------------------------------------------
     0 | D:1      | Strat the Palentonga Hedge Wizard began the quest for the
                  | Orb.
     0 | D:1      | Reached XP level 1. HP: 13/13 MP: 4/4
    97 | D:1      | Reached skill level 1 in Fighting
   207 | D:1      | Reached XP level 2. HP: 17/23 MP: 3/6
   785 | D:1      | Reached skill level 1 in Axes
   971 | D:1      | Reached XP level 3. HP: 22/28 MP: 7/7
  1187 | D:2      | Reached skill level 2 in Axes
  1223 | D:2      | Found Nucais's Antique Armour Emporium.
  1460 | D:2      | Noticed Natasha
  1482 | D:2      | Killed Natasha
  1483 | D:2      | Reached skill level 3 in Axes
  1483 | D:2      | Reached XP level 4. HP: 16/35 MP: 8/8
  1660 | D:2      | Noticed Natasha
  1799 | D:2      | Found a faded altar of an unknown god.
  1947 | D:2      | Noticed Sigmund
  2897 | D:3      | Found a bloodstained altar of Trog.
  2901 | D:3      | Found a basalt altar of Yredelemnul.
  2904 | D:3      | Found a glowing silver altar of Zin.
  2906 | D:3      | Found a shadowy altar of Dithmenos.
  3272 | D:3      | Became a worshipper of Trog the Wrathful
  3383 | D:4      | Reached skill level 4 in Axes
  3383 | D:4      | Reached XP level 5. HP: 38/40 MP: 9/9
  3737 | D:4      | Identified a scroll of acquirement
  3737 | D:4      | Acquired the +2 barding of the Final Beasts {Int+2}
  4758 | D:5      | Entered Level 5 of the Dungeon
  4770 | D:5      | Reached skill level 5 in Axes
  4840 | D:5      | Reached XP level 6. HP: 47/47 MP: 10/10
  4937 | D:5      | Reached skill level 6 in Axes
  5021 | D:5      | Found a staircase to the Ecumenical Temple.
  5026 | D:5      | Reached * piety under Trog
  5056 | D:5      | Noticed an ice beast
  5294 | D:5      | Killed an ice beast
  5295 | D:5      | Reached skill level 1 in Armour
  5295 | D:5      | Gained mutation: You curl defensively after being hit. (AC
                  | +7*) [Palentonga growth]
  5295 | D:5      | Reached XP level 7. HP: 50/54 MP: 11/11
  5460 | D:5      | Found a sparkling altar of Nemelex Xobeh.
  5563 | D:6      | Noticed a white ugly thing
  5935 | D:6      | Found a glowing drain.
  5950 | Sewer    | Entered a sewer
  6075 | Sewer    | Reached skill level 7 in Axes
  6186 | Sewer    | Reached ** piety under Trog
  7034 | D:7      | Noticed a komodo dragon
  7043 | D:7      | Killed a komodo dragon
  7044 | D:7      | Reached XP level 8. HP: 62/62 MP: 12/12
  7221 | D:7      | Noticed Dowan
  7234 | D:7      | Noticed Duvessa
  7383 | D:7      | Reached skill level 8 in Axes
  7522 | D:7      | Reached *** piety under Trog
  7528 | D:7      | Found Naycaenk's Antique Weapon Shoppe.
  7723 | D:7      | Reached skill level 5 in Armour
  7819 | D:7      | Reached skill level 9 in Axes
  8013 | D:7      | Killed Duvessa
  8014 | D:7      | Reached XP level 9. HP: 67/67 MP: 13/13
  8018 | D:7      | Killed Dowan
  8765 | D:8      | Reached skill level 10 in Axes
  9011 | D:8      | Noticed Psyche
  9021 | D:8      | Killed Psyche
  9686 | D:8      | Noticed a komodo dragon
  9702 | D:8      | Killed a komodo dragon
  9743 | D:8      | Reached skill level 5 in Fighting
  9787 | D:8      | Noticed a two-headed ogre
  9931 | D:8      | Found a staircase to the Lair.
  9946 | D:8      | Noticed a komodo dragon
  9958 | D:8      | Killed a komodo dragon
  9959 | D:8      | Reached XP level 10. HP: 79/79 MP: 14/14
 10063 | D:8      | Killed a two-headed ogre
 10064 | D:8      | Reached skill level 11 in Axes
 10356 | D:9      | Found a flagged portal.
 10404 | Bailey   | Entered a bailey
 10902 | Bailey   | Noticed an orc knight
 10983 | Bailey   | Killed an orc knight
 10988 | Bailey   | Slain by an orc warrior

Illustrated notes

Levels and vault maps discovered:
D:1:      lemuel_arrival_river_ford, layout_basic, st_stairs_5,
          dk_noncrumbling_4
D:2:      layout_loops_ring, serial_shops, nicolae_shop_overgrown_old_shop,
          shapermc_ecumenical_altar_mp_highgroup,
          chequers_serial_rivers_micro_c, minmay_circle_x, uniq_natasha,
          uniq_sigmund
D:3:      layout_loops_corners, mainiacjoe_overflow_brackets, lemuel_tele_altar,
          mainiacjoe_overflow_alcove_2, grunt_temple_overflow_open,
          eino_tiny_chamber, minmay_misc_feat_iff
D:4:      layout_layer_cave
D:5:      layout_rooms, nemelex_diamond_rough_becter, minmay_temple_entry_ruins,
          serial_aquarium, aquarium_bridge_long_joined [aquarium_subvault_wall,
          aquarium_subvault_bridge, aquarium_subvault_bridge,
          aquarium_subvault_wall, aquarium_subvault_balcony,
          aquarium_subvault_bridge], aquarium_window_1, aquarium_window_corner,
          aquarium_view_2b, aquarium_balcony_3a, aquarium_pool_2
D:6:      layout_rooms, portal_sewer_entry_d
D:7:      layout_gridville, enter_ossuary_3, serial_shops, shop_statue,
          nicolae_sextant, uniq_duvessa
D:8:      layout_basic, erik_lair_dragon, uniq_psyche
D:9:      layout_basic, erik_orc_4, enter_bailey_5
Bailey:   bailey_polearm_5, bailey

Skill      XL: |  1  2  3  4  5  6  7  8  9 10 |
---------------+-------------------------------+-----
Fighting       | 1 2 3 5 6 |  6.3
Axes           | 1 3 4 5 6 7 9 10 11 | 11.4
Armour         | 1 3 5 6 |  6.9
Dodging        | |  1.5
Stealth        | |  1.2
Spellcasting   | |  3.0
Conjurations   | |  0.8
Summonings     | |  0.7
Translocations | |  1.0

Action                   |  1- 3 |  4- 6 |  7- 9 | 10-12 || total
-------------------------+-------+-------+-------+-------++-------
Melee: Dagger            |    38 |       |       |       ||    38
       Tailslap          |     4 |    20 |    41 |     5 ||    70
       War axe           |    92 |   194 |   347 |    70 ||   703
       Punch             |     1 |     1 |       |       ||     2
Throw: Stone             |       |     3 |       |       ||     3
 Cast: Magic Dart        |    12 |       |       |       ||    12
Invok: Berserk           |       |       |     8 |     4 ||    12
       Trog's Hand       |       |       |       |     1 ||     1
Evoke: Wand              |       |       |     4 |     3 ||     7
  Use: Potion            |       |     1 |       |     3 ||     4
       Scroll            |       |    12 |     6 |       ||    18
Armor: Robe              |     7 |       |       |       ||     7
       Scale mail        |    59 |   131 |   170 |       ||   360
       Ring mail         |    14 |       |       |       ||    14
       Skin              |       |     5 |       |       ||     5
       Chain mail        |       |       |    62 |    86 ||   148
Dodge: Dodged            |    60 |    76 |   192 |    55 ||   383
